cohdb
Replays
Latest Replays
All Replays
Popular Replays
Top Player Replays
Match Explorer
How It Works
Community
CoH3 Stats
Reddit
Sign in to upload your games and track your stats! →
Sign in with Steam
Match 46214226
Unlisted
Match 46214226
Overview
Messages
Build Orders
End
Construct Section Command Post
Dingo Light Scout Car
Royal Engineer Section
Infantry Section
Infantry Section
Selects Air and Sea Battlegroup
Construct Platoon Command Post
Unlock M3 Stuart Light Tanks
M3 Stuart Light Tank
Selects Supply Surplus
Construct Resource Cache
Construct Resource Cache
M3 Stuart Light Tank
Light Vehicle Training
Selects Commando Section Paradrop
Commando Section Paradrop
Grenade Package
Construct Company Command Post
Crusader II Medium Tank
Crusader II Medium Tank
Construct Field Infirmary
Selects Commando Support Section Paradrop
Selects Anti-tank Rocket Loiter
Selects UNKNOWN (223837)
Armored Vehicle Training
Royal Engineer Section
Crusader II Medium Tank
Unlock Bishop Self-propelled Artillery
Bishop Self-propelled Artillery
CMP 15cwt Truck
Foot Guards Section
Selects Assault Flares
Infantry Training
Foot Guards Section
Assault Flares
Anti-tank Rocket Loiter
Spectre
Scramble
Alloyzy Klex®
SEPH
0
0
Comments
sign in to comment!
No comments posted yet!